 Dungeon Crawl Stone Soup version 0.28.0 (webtiles) character file.

Game seed: 2553845063115853137

1347 Hasart the Slasher (level 8, -3/45 (66) HPs)
             Began as a Demigod Fighter on Feb 14, 2022.
             Slain by a wight (4 damage)
             ... on level 6 of the Dungeon.
             The game lasted 00:10:24 (6323 turns).

Hasart the Slasher (Demigod Fighter)                Turns: 6323, Time: 00:10:24

HP:   -3/45 (66)    AC:  8    Str: 17    XL:     8   Next: 14%
MP:   10/10         EV: 11    Int: 10    God:
Gold: 252           SH:  6    Dex: 21    Spells: 7/7 levels left

rFire   . . .      SeeInvis .   a - +0 long sword
rCold   + + .      Faith    .   c - +0 buckler
rNeg    . . .      Spirit   .   b - +0 scale mail
rPois   .          Reflect  .   (no helmet)
rElec   .          Harm     .   (no cloak)
rCorr   .          Rampage  .   r - +0 pair of gloves
Will    .....                   (no boots)
Stlth   ..........              y - amulet of regeneration
HPRegen 0.95/turn               v - ring of protection from cold
MPRegen 0.12/turn               m - ring of protection from cold

@: very heavily drained
A: high MP 1, forlorn, divine attributes
a: no special abilities


You were on level 6 of the Dungeon.
You visited 2 branches of the dungeon, and saw 7 of its levels.

You collected 252 gold pieces.

Inventory:

Hand Weapons
 a - a +0 long sword (weapon)
Missiles
 o - 2 javelins (quivered)
 q - 2 poisoned darts
Armour
 b - a +0 scale mail (worn)
 c - a +0 buckler (worn)
 r - a +0 pair of gloves (worn)
Jewellery
 m - a ring of protection from cold (right hand)
 v - a ring of protection from cold (left hand)
 y - an amulet of regeneration (around neck)
Wands
 i - a wand of flame (16)
Scrolls
 e - 5 scrolls of teleportation {unknown}
 g - a scroll of summoning {unknown}
 j - a scroll of silence {unknown}
 k - a scroll of noise {unknown}
 n - 2 scrolls of identify {unknown}
 p - a scroll of amnesia {unknown}
 s - a scroll of holy word {unknown}
 u - 2 scrolls of fear {unknown}
 x - 2 scrolls of magic mapping {unknown}
 A - a scroll of immolation {unknown}
Potions
 d - a potion of might
 f - a potion of degeneration {unknown}
 h - 2 potions of curing {unknown}
 l - a potion of magic {unknown}
 t - 2 potions of haste {unknown}
 w - 3 potions of heal wounds {unknown}
 z - a potion of berserk rage {unknown}


   Skills:
 + Level 4.2 Fighting
 * Level 5.1 Long Blades
 + Level 2.8 Throwing
 + Level 4.2 Armour
 + Level 3.0 Dodging
 + Level 4.1 Shields
 + Level 2.9 Evocations


You had 7 spell levels left.
You didn't know any spells.
Your spell library contained the following spells:

 Spells                   Type           Power      Damage    Failure   Level
 Beastly Appendage        Tmut           0%         N/A       85%         1
 Wereblood                Tmut           0%         N/A       94%         2
 Spider Form              Tmut/Pois      0%         N/A       99%         3
 Animate Armour           Summ/Erth      0%         N/A       100%        4
 Blade Hands              Tmut           0%         N/A       100%        5
 Iron Shot                Conj/Erth      0%         9d1       100%        6


Dungeon Overview and Level Annotations

Branches:
Dungeon (6/15)             Temple (1/1) D:6

Shops:
D:1 *   D:2 ?


Innate Abilities, Weirdness & Mutations

You have an increased reservoir of magic. (+10% MP)
You shall have no god before yourself.
Your divine heritage dramatically boosts your attributes as you level up.


Message History

The wight misses you. The wight hits you with a +5 trident.
You barely miss the wight. You block the wight's attack.
You barely miss the wight. The wight barely misses you.
You block the wight's attack.
You barely miss the wight. The wight closely misses you.
You slash the wight!
The wight is heavily damaged.
The wight hits you with a +5 trident.
You feel drained.
You hit the wight.
The wight is heavily damaged.
The wight hits you with a +5 trident!
You feel drained.
You closely miss the wight.
The wight is heavily damaged.
The wight closely misses you.
You completely miss the wight.
The wight is heavily damaged.
The wight barely misses you.
You hit the wight.
The wight is severely damaged.
The wight hits you with a +5 trident! The wight hits you with a +5 trident.
You hit the wight but do no damage.
The wight is severely damaged.
The wight hits you with a +5 trident!
You feel drained.
* * * LOW HITPOINT WARNING * * *
You hit the wight but do no damage.
The wight is severely damaged.
You block the wight's attack.
You hit the wight.
The wight is almost destroyed.
The wight hits you with a +5 trident.
* * * LOW HITPOINT WARNING * * *
You feel drained.
* * * LOW HITPOINT WARNING * * *
You closely miss the wight.
The wight is almost destroyed.
The wight hits you with a +5 trident!
* * * LOW HITPOINT WARNING * * *
You feel drained.
You die...

####### ##.....# ##.....#
#......#
##############......######......#
......oo.o...............>......#
#############..........#######.##
###..##...##.# #.##
#....##...##.# #..#
##....z.......# #...
##...#..@.>....# #...
##...............######...
########...#...##...##....##.....
#....#...###...##...##.##.##.#...
#.......## #............#....#...
#.....### #.....)<...#....###...
#....## #..........###..######
#.^..# #..........##.........
.....# . #.#.......


You could see a wight.

Vanquished Creatures
  A water moccasin (D:5)
  An ice beast (D:6)
  3 sky beasts
  An ogre (D:5)
  A phantom (D:5)
  A scorpion (D:5)
  Blork the orc (D:5)
  4 wights
  A centaur zombie (D:5)
  2 hounds
  3 orc priests
  An iguana (D:6)
  An orc wizard (D:4)
  A hound skeleton (D:5)
  9 adders
  A worm (D:2)
  4 dart slugs
  18 orcs
  4 endoplasms
  4 giant cockroaches (D:1)
  3 hobgoblins
  4 jackals (D:4)
  6 quokkas
  9 ball pythons
  3 bats
  9 frilled lizards
  7 goblins
  10 kobolds
  5 rats
118 creatures vanquished.

Notes
Turn   | Place    | Note
-------+----------+-------------------------------------------
     0 | D:1      | Hasart the Demigod Fighter began the quest for the Orb.
     0 | D:1      | Reached XP level 1. HP: 18/18 MP: 3/3
   155 | D:1      | Reached skill level 2 in Long Blades
   212 | D:1      | Reached XP level 2. HP: 16/25 MP: 4/4
  1126 | D:1      | Found Biaz's General Store.
  1159 | D:1      | Reached skill level 1 in Dodging
  1159 | D:1      | Reached XP level 3. HP: 26/30 MP: 5/5
  1748 | D:2      | Found Ciagg's Magic Scroll Emporium.
  1770 | D:2      | Reached XP level 4. HP: 11/38 MP: 6/6
  2902 | D:4      | Reached skill level 1 in Evocations
  3173 | D:3      | Reached skill level 3 in Long Blades
  3935 | D:4      | Reached XP level 5. HP: 36/45 MP: 7/7
  4051 | D:4      | Reached skill level 1 in Throwing
  4715 | D:5      | Entered Level 5 of the Dungeon
  4715 | D:5      | Noticed a sky beast
  4715 | D:5      | Noticed a sky beast
  4748 | D:4      | Killed a sky beast
  4911 | D:4      | Killed a sky beast
  4912 | D:4      | Reached XP level 6. HP: 37/51 MP: 8/8
  5046 | D:5      | Noticed a water moccasin
  5064 | D:5      | Killed a water moccasin
  5065 | D:5      | Reached skill level 4 in Long Blades
  5188 | D:5      | Noticed Blork the orc
  5220 | D:5      | Reached XP level 7. HP: 43/58 MP: 9/9
  5274 | D:5      | Killed Blork the orc
  5741 | D:6      | Noticed a troll
  5843 | D:6      | Found a staircase to the Ecumenical Temple.
  5966 | D:6      | Reached XP level 8. HP: 53/65 MP: 10/10
  5969 | D:6      | Reached skill level 5 in Long Blades
  6071 | Temple   | Entered the Ecumenical Temple
  6323 | D:6      | HP: 1/47 [wight (9)]
  6323 | D:6      | Slain by a wight

Illustrated notes

Levels and vault maps discovered:
D:1:      roderic_crossed_star, layout_basic,
          hellmonk_ecumenical_altar_lost_god, serial_shops, shop
D:2:      layout_basic, serial_shops, shop
D:3:      layout_basic, chequers_serial_rivers_large_b
D:4:      layout_loops_ring
D:5:      layout_gridville, st_stairs_12, uniq_blork_the_orc
D:6:      layout_rooms, minmay_temple_entry_stoned_glass, grunt_potential
Temple:   kilobyte_greek_temple

Skill      XL: |  1  2  3  4  5  6  7  8 |
---------------+-------------------------+-----
Long Blades    | 2 3 4 5 |  5.1
Dodging        | 1 2 3 |  3.0
Armour         | 3 4 |  4.2
Fighting       | 3 4 |  4.2
Shields        | 3 4 |  4.1
Evocations     | 1 2 |  2.9
Throwing       | 1 2 |  2.8

Action                   |  1- 3 |  4- 6 |  7- 9 || total
-------------------------+-------+-------+-------++-------
Melee: Long sword        |   129 |   218 |   170 ||   517
Throw: Dart              |       |     3 |     6 ||     9
       Javelin           |       |       |     2 ||     2
Evoke: Wand              |       |     1 |     2 ||     3
Armor: Scale mail        |    52 |   110 |    71 ||   233
Dodge: Dodged            |    64 |    97 |    79 ||   240
Block: Buckler           |    26 |    67 |    52 ||   145
